 Dungeon Crawl Stone Soup version 0.28-a0-769-g550dbda0cd (webtiles) character file.

Game seed: 14018329946757333266

181 funkygono the Firebug (level 5, -1/28 HPs)
             Began as a Gargoyle Fire Elementalist on Oct 31, 2021.
             Slain by Grinder (3 damage)
             ... while paralysed by Grinder
             ... on level 3 of the Dungeon.
             The game lasted 00:05:33 (3079 turns).

funkygono the Firebug (Gargoyle Fire Elementalist)  Turns: 3079, Time: 00:05:34

Health: -1/28      AC:  6    Str: 11    XL:     5   Next: 61%
Magic:  2/10       EV:  2    Int: 17    God:
Gold:   117        SH:  0    Dex: 10    Spells: 4/10 levels left

rFire   . . .      SeeInvis .   d - +0 whip
rCold   . . .      Faith    .   (no shield)
rNeg    + . .      Spirit   .   a - +0 robe
rPois   ∞          Reflect  .   (no helmet)
rElec   +          Harm     .   (no cloak)
rCorr   .          Rampage  .   (no gloves)
Will    .....                   (no boots)
Stlth   ++........              (no amulet)
HPRegen 0.09/turn               (no ring)
MPRegen 0.12/turn               (no ring)

@: paralysed
A: sickness immunity, AC +4, negative energy resistance 1, electricity
resistance, torment resistance 1, petrification resistance
a: no special abilities


You were on level 3 of the Dungeon.
You visited 1 branch of the dungeon, and saw 3 of its levels.

You collected 117 gold pieces.

Inventory:

Hand Weapons
 d - a +0 whip (weapon)
 g - a +0 flail
Missiles
 h - 19 stones
Armour
 a - a +0 robe (worn)
 f - a +0 ring mail
Scrolls
 b - a scroll of teleportation {unknown}
 c - 2 scrolls of fear {unknown}
 e - 2 scrolls of magic mapping {unknown}
 j - a scroll of noise {unknown}
 k - a scroll of blinking {unknown}


   Skills:
 + Level 0.2 Fighting
 + Level 0.3 Maces & Flails
 + Level 1.8 Dodging
 - Level 2.1 Stealth
 * Level 3.3 Spellcasting
 * Level 2.6 Conjurations
 * Level 4.5 Fire Magic


You had 4 spell levels left.
You knew the following spells:

 Your Spells              Type           Power      Damage    Failure   Level
a - Foxfire               Conj/Fire      56%        2x1d6     4%          1
b - Scorch                Fire           36%        2d7       4%          2
c - Conjure Flame         Conj/Fire      14%        6-21      12%         3

Your spell library contained the following spells:

 Spells                   Type           Power      Damage    Failure   Level
 Inner Flame              Hex/Fire       10%        N/A       21%         3
 Flame Wave               Conj/Fire      14%        3d5       36%         4


Dungeon Overview and Level Annotations

Branches:
Dungeon (3/15)

Altars:
Elyvilon

Shops:
D:3 (

Annotations:
D:3 1 transporter, Grinder; Ska's ghost, amateur GnAM


Innate Abilities, Weirdness & Mutations

You are immune to sickness and miasma.
Your stone body is resilient. (AC +4)
You are immune to poison.
You resist negative energy. (rN+)
You are resistant to electric shocks. (rElec)
You are resistant to unholy torment.
You are immune to petrification.


Message History

Grinder is moderately wounded.
The foxfire hits Grinder.
Grinder is heavily wounded.
Grinder blinks!
Grinder hits you but does no damage. Grinder hits you.
* * * LOW HITPOINT WARNING * * *
You writhe in agony.
* * * LOW HITPOINT WARNING * * *
Grinder hits you but does no damage.
Grinder blinks!
Grinder blinks!
Grinder gestures at you.
You suddenly lose the ability to move!
Grinder gestures at you.
You shrug off the repeated paralysis!
The hobgoblin hits you but does no damage.
The hobgoblin completely misses you.
The hobgoblin hits you but does no damage.
You can move again.
Okay, then.
Grinder says, "At least Makhleb appreciates what I'm doing."
Grinder gestures at you. You resist with significant effort.
Grinder closely misses you. Grinder hits you.
* * * LOW HITPOINT WARNING * * *
You writhe in agony.
* * * LOW HITPOINT WARNING * * *
It was a potion of curing.
You feel better. Grinder closely misses you.
Unknown command.
Grinder gestures at you. Pain shoots through your body!
Grinder gestures at you.
You suddenly lose the ability to move!
Grinder hits you.
You writhe in agony.
Grinder hits you!
* * * LOW HITPOINT WARNING * * *
You writhe in agony.
You die...

#######...#...#############..#.
#.♣.#............:.....#.
#...#..................#.
##.##........############
#.#.........# #.∩.. #
##.########..# ###'###
...###...###...#..# #....#
♣....._...g.♣....# #....#
...###...###5@.#..# #....# #
##.## #####..# ##....## #.#
#......# #....... ##.##
####.### ##....... #...# #.#
#........
#.♣.######.######........
#...#...........#........
##.##.#########.#........
#....# #.#>.......


You could see Grinder (fast) and a hobgoblin.

Vanquished Creatures
  Terence (D:2)
  Natasha (twice) (D:3)
  5 adders
  A worm (D:2)
  A dart slug (D:2)
  6 endoplasms
  3 giant cockroaches
  6 goblins
  8 hobgoblins
  2 quokkas (D:2)
  6 ball pythons
  3 bats
  A frilled lizard (D:1)
  4 kobolds
  5 rats
54 creatures vanquished.

Vanquished Creatures (others)
  173 foxfires
173 creatures vanquished.

Grand Total: 227 creatures vanquished

Notes
Turn   | Place    | Note
-------+----------+-------------------------------------------
     0 | D:1      | funkygono the Gargoyle Fire Elementalist began the quest
                  | for the Orb.
     0 | D:1      | Reached XP level 1. HP: 10/10 MP: 3/3
   250 | D:1      | Reached XP level 2. HP: 15/15 MP: 0/5
   253 | D:1      | Learned a level 2 spell: Scorch
  1137 | D:2      | Reached XP level 3. HP: 19/19 MP: 0/6
  1529 | D:2      | Reached XP level 4. HP: 24/24 MP: 4/7
  1535 | D:2      | Learned a level 3 spell: Conjure Flame
  1850 | D:2      | Noticed Terence
  1919 | D:2      | Killed Terence
  1920 | D:2      | Reached skill level 4 in Fire Magic
  2347 | D:2      | Found a faded altar of an unknown god.
  2447 | D:3      | Reached XP level 5. HP: 28/28 MP: 6/9
  2533 | D:3      | Found a transporter.
  2536 | D:3      | Noticed Ska's ghost (amateur GnAM)
  2559 | D:3      | Found Izuicite's Antique Weapon Shoppe.
  2591 | D:3      | Noticed Natasha
  2613 | D:3      | HP: 1/28 [Natasha (7)]
  2620 | D:3      | Killed Natasha
  3028 | D:3      | Found a white marble altar of Elyvilon.
  3045 | D:3      | Noticed Natasha
  3049 | D:3      | Noticed Grinder
  3056 | D:3      | Killed Natasha
  3067 | D:3      | Paralysed by Grinder for 4 turns
  3077 | D:3      | Paralysed by Grinder for 7 turns
  3079 | D:3      | Slain by Grinder

Illustrated notes

Levels and vault maps discovered:
D:1:      lightli_arrival_statue_moat, layout_loops_ring
D:2:      layout_basic, shapermc_ecumenical_altar_mp_vishouse, st_stairs_6,
          roderic_lattice_a, minmay_misc_feat_ornament, grunt_ministairs_2,
          chequers_mini_garden, uniq_terence
D:3:      layout_basic, elyvilon_altar_1, serial_shops, shop,
          gammafunk_ghost_mausoleum, uniq_grinder, uniq_natasha

Skill      XL: |  1  2  3  4 |
---------------+-------------+-----
Conjurations   | 2 |  2.6
Spellcasting   | 3 |  3.3
Fire Magic     | 4 |  4.5
Fighting       | |  0.2
Maces & Flails | |  0.3
Dodging        | |  1.8
Stealth        | |  2.1

Action                   |  1- 3 |  4- 6 || total
-------------------------+-------+-------++-------
Melee: Club              |     6 |       ||     6
       Whip              |    24 |    15 ||    39
 Cast: Foxfire           |    47 |    56 ||   103
       Scorch            |     4 |     2 ||     6
  Use: Scroll            |       |     1 ||     1
       Potion            |       |     2 ||     2
Armor: Robe              |    17 |    14 ||    31
Dodge: Dodged            |    29 |    32 ||    61

Table legend: (Time is in decaauts)
 A = Elapsed time spent in this place.
 B = Non-inter-level travel time spent in this place.
 C = Inter-level travel time spent in this place.
 D = Time resting spent in this place.
 E = Time spent auto-exploring this place.
 F = Levels seen in this place.
 G = Mean time per level.
                   A        B        C        D        E       F      G
               +--------+--------+--------+--------+--------+-----+--------+
         Total |   3089 |   3009 |     80 |     92 |   2364 |   3 | 1029.7 |
       Dungeon |   3089 |   3009 |     80 |     92 |   2364 |   3 | 1029.7 |
               +--------+--------+--------+--------+--------+-----+--------+

Top non-repeatable levels by time:
     D:2: 1326 daAuts
     D:1: 1120 daAuts
     D:3: 642 daAuts
